[Event "*** SCC Grand Prix: Titled Tuesday Blitz"]
[Site "Chess.com"]
[Date "2020.07.14"]
[Round "7"]
[White "Sergey85Rodchenkov"]
[Black "Fischerev7"]
[Result "0-1"]
[WhiteElo "2506"]
[BlackElo "2376"]
[TimeControl "180+1"]
[EndTime "11:21:46 PDT"]
[Termination "Fischerev7 won by resignation"]

1. e4 c5 2. Nf3 d6 3. d4 cxd4 4. Nxd4 Nf6 5. Nc3 a6 6. Bc4 e6 7. Bb3 Be7 8. O-O O-O 9. f4 Qc7 10. f5 e5 11. Nde2 b5 12. Bg5 Nbd7 13. Bxf6 Nxf6 14.
Ng3 b4 15. Nd5 Nxd5 16. exd5 f6 17. a3 bxa3 18. Rxa3 Bd7 19. Ne4 Kh8 20. Kh1 Bb5 21. Re1 Rfb8 22. Qh5 Be8 23. Qh4 a5 24. Nc3 Bf7 25.
Ra4 Qc5 26. Rea1 h6 27. h3 Be8 28. Rc4 Qe3 29. Rc7 Bf8 30. Re1 Qg5 31. Qxg5 hxg5 32.
Ra1 Kg8 33. g4 Ra6 34. Ra2 Rba8 35. Ba4 Bf7 36. Bc6 Rb8 37. b3 Be8 38. Kg2 Bf7 39.
Kf3 Be8 40. Ke2 Bf7 41. Kd3 Rb4 42. Ra4 Rxa4 43. Bxa4 Rb6 44. Ra7 Rb4 45. Rxa5 Rd4+ 46. Ke2 g6 47. Bd7 gxf5 48. Bxf5 Be7 49. Ra8+ Kg7 50.
Ra7 Kf8 51. Be4 Rb4 52. Kd3 Rd4+ 53. Ke3 Bd8 54. Ra8 Ke7 55. Nb5 Rb4 56. Rb8 Be8 57.
Bd3 Bd7 58. Rb7 Ke8 59. c4 Be7 60. Rb8+ Bd8 61. Bc2 Ke7 62. Kd2 Bxb5 63. cxb5 Rd4+ 64. Bd3 Rxd5 65. Ke3 Rc5 66. Bc4 d5 67. Rb7+ Kd6 68.
Bd3 d4+ 69. Ke4 Rc3 70. Bc4 Rxh3 71. Kf5 Rf3+ 72. Kg6 Rf4 73. Rb8 Rxg4 74. Rxd8+ Kc5 75. Rf8 Rf4 76. Rxf6 Rxf6+ 77. Kxf6 g4 78. Kxe5 g3 79. Kf4 g2 80. Kf3 g1=Q 81. Kf4 Qe3+ 0-1

[Event "*** SCC Grand Prix: Titled Tuesday Blitz"]
[Site "Chess.com"]
[Date "2020.07.14"]
[Round "7"]
[White "thedjoker98"]
[Black "wannabe2700"]
[Result "1/2-1/2"]
[WhiteElo "2519"]
[BlackElo "2659"]
[TimeControl "180+1"]
[EndTime "11:21:49 PDT"]
[Termination "Game drawn by repetition"]

1. d4 Nf6 2. c4 b6 3. a3 Bb7 4. Nc3 e6 5. d5 exd5 6. cxd5 c6 7. g3 Nxd5 8. Nxd5 cxd5 9. Bg2 Qc8 10.
Nh3 d4 11. Bxb7 Qxb7 12. O-O Nc6 13. b4 b5 14. Bb2 Be7 15. Rc1 Bf6 16. Nf4 Bg5 17.
Bxd4 Bxf4 18. gxf4 O-O 19. Bb2 a5 20. Qb3 Rfe8 21. e3 Re6 22. f5 Rh6 23. Rfd1 axb4 24. axb4 Ne7 25. Qd3 Qf3 26. e4 Qxd3 27. Rxd3 Nc6 28.
Rxd7 Nxb4 29. Rcc7 Rf8 30. Ba3 Na6 31. Ra7 b4 32. Bc1 Nc5 33. Bxh6 Nxd7 34. Rxd7 gxh6 35. Rb7 Re8 36. Rxb4 f6 37. Kg2 Re7 38. Kf3 Kg7 39. Rb6 h5 40. h4 Rc7 41. Kf4 Rd7 42. f3 Re7 43. Rd6 Ra7 44. Rc6 Rb7 45. Ke3 Rb3+ 46. Kf4 Rb7 47. Kg3 Rb1 48. Rc7+ Kg8 49. Kf4 Rh1 50. Kg3 Rg1+ 51. Kh2 Rf1 52. Kg2 Re1 53.
Re7 Re2+ 54. Kg3 Re1 55. f4 Rg1+ 56. Kf3 Rh1 57. e5 Rh3+ 58. Ke4 Rxh4 59. e6 Rh1 60. Ra7 Re1+ 61. Kd5 h4 62. Kd6 h3 63. Ra2 Kf8 64. Rh2 Rd1+ 65. Kc5 Rd3 66. Kc4 Rf3 67. Kd5 Ke7 68.
Ke4 Ra3 69. Kd4 Rg3 70. Ke4 Rc3 71. Kd4 Rb3 72. Ke4 Ra3 73. Kd4 Kd6 74. Ke4 Ra4+ 75. Kf3 Ra5 76. Kg4 h5+ 77. Kxh5 Rxf5+ 78. Kg4 Rd5 79. f5 Rd4+ 80. Kh5 Rf4 81. Kg6 Ke7 82. Rxh3 Rg4+ 83. Kh6 Rg5 84. Rh5 Rg1 85. Kh7 Rf1 86.
Kg8 Rg1+ 87. Kh8 Rf1 88. Kh7 Rf2 89. Kh6 Rf1 90. Kh7 Rf2 91. Kh8 Rf1 92. Kg8 Rg1+ 93.
Kh8 Rf1 1/2-1/2

[Event "*** SCC Grand Prix: Titled Tuesday Blitz"]
[Site "Chess.com"]
[Date "2020.07.14"]
[Round "7"]
[White "Shield12"]
[Black "wonderfultime"]
[Result "1/2-1/2"]
[WhiteElo "2862"]
[BlackElo "2965"]
[TimeControl "180+1"]
[EndTime "11:21:51 PDT"]
[Termination "Game drawn by repetition"]

1. e4 c5 2. Nf3 Nf6 3. e5 Nd5 4. Nc3 e6 5. Nxd5 exd5 6. d4 Nc6 7. dxc5 Bxc5 8. Bd3 d6 9. exd6 Qxd6 10. O-O O-O 11.
Re1 h6 12. Be3 Bg4 13. h3 Bh5 14. c3 Rae8 15. Bxc5 Qxc5 16. Be2 Bg6 17. Qd2 Re7 18. Bf1 Be4 19. Nd4 Rfe8 20. Re3 Bg6 21. Rae1 Re4 22.
f3 Rxe3 23. Rxe3 Rc8 24. Nxc6 bxc6 25. Qd4 Qa5 26. a3 Rb8 27. c4 dxc4 28. Bxc4 Rd8 29. Qe5 Qd2 30. Kh2 Kh7 31. Re2 Qc1 32. Bb3 c5 33.
Qc7 Rf8 34. Qd6 Rc8 35. Qd2 Qxd2 36. Rxd2 c4 37. Bd1 c3 38. bxc3 Rxc3 39. a4 Rc5 40.
Kg3 Bf5 41. Be2 Be6 42. Rd6 g5 43. Ra6 Rc7 44. h4 Kg7 45. hxg5 hxg5 46. Bd3 Kf6 47. Be4 Ke5 48. Ra5+ Kf6 49. Ra6 Ke7 50. Kf2 f5 51. Bd3 f4 52. g3 Rd7 53. Be2 Rd2 54. Rxa7+ Kf6 55. gxf4 Bc4 56. fxg5+ Kxg5 57. Re7 Ra2 58. a5 Bxe2 59. Rxe2 Rxa5 60. Kg3 Kf6 61. Kg4 Ra4+ 62.
f4 Ra5 63. Rc2 Ra6 64. Rc5 Ra1 65. Rc6+ Kf7 66. Kg5 Ra5+ 67. f5 Ra7 68. Rh6 Ra1 69.
Rh7+ Kg8 70. Rd7 Ra6 71. Re7 Rb6 72. Re6 Rb7 73. Kg6 Rg7+ 74. Kf6 Rf7+ 75. Ke5 Ra7 76. Rh6 Kg7 77. Rg6+ Kf7 78. Rh6 Ra5+ 79. Kf4 Ra1 80. Rh7+ Kf6 81. Rh6+ Kf7 82. Rh7+ Kf6 83.
Rh6+ Kf7 1/2-1/2

[Event "*** SCC Grand Prix: Titled Tuesday Blitz"]
[Site "Chess.com"]
[Date "2020.07.14"]
[Round "7"]
[White "reniite"]
[Black "WonderChampion"]
[Result "1-0"]
[WhiteElo "1907"]
[BlackElo "1999"]
[TimeControl "180+1"]
[EndTime "11:21:53 PDT"]
[Termination "reniite won by checkmate"]

1. e4 c5 2. Nf3 g6 3. d4 cxd4 4. Nxd4 Nc6 5. Nc3 Bg7 6. Be3 Nf6 7. Be2 O-O 8. O-O d6 9. Bf3 Bd7 10. Re1 a5 11. a4 Ne5 12. Be2 Rc8 13. Ndb5 Nc4 14.
Bxc4 Rxc4 15. b3 Nxe4 16. Nxe4 Rxe4 17. Rb1 Bc6 18. f3 Re6 19. Nd4 Rf6 20. Qd2 e5 21. Nxc6 bxc6 22. Rbd1 Re6 23. Qf2 Qd7 24. Bb6 Ra8 25.
c4 f5 26. Qd2 Kf7 27. c5 d5 28. Bxa5 e4 29. fxe4 fxe4 30. Bc3 Bxc3 31. Qxc3 Qc7 32. Rf1+ Kg8 33. Rf6 Re7 34. Rdf1 e3 35. Re1 e2 36.
Rf2 Rae8 37. a5 Re4 38. Qd3 Re3 39. Qd2 Qe7 40. b4 Re4 41. a6 d4 42. a7 Qxa7 43. Rfxe2 Rxe2 44. Rxe2 Qa1+ 45. Kf2 Qa8 46. Rxe8+ Qxe8 47. Qxd4 Qf7+ 48. Ke2 Qa2+ 49. Kf3 Qb3+ 50. Kf2 Qc2+ 51. Kg3 Qb3+ 52. Kf4 Qf7+ 53. Ke3 Qb3+ 54. Ke4 Qe6+ 55. Kd3 Qb3+ 56. Kd2 Qa2+ 57. Kc3 Qxg2 58. Qd8+ Kg7 59. Qd7+ Kh6 60. Qd2+ Qxd2+ 61. Kxd2 Kg5 62. b5 Kf6 63. b6 Ke6 64. b7 Kd5 65. b8=Q Kxc5 66.
Qg8 Kb4 67. Qxh7 c5 68. Qxg6 c4 69. Kc1 c3 70. h4 Kb3 71. h5 c2 72. h6 Ka2 73. h7 Ka1 74. h8=Q+ Ka2 75. Qa8+ Kb3 76.
Qb7+ Kc4 77. Qgc6+ Kd4 78. Qbd7+ Ke3 79. Qce6+ Kf2 80.
Qdf7+ Kg2 81. Qeg6+ Kh1 82. Qfh7# 1-0

[Event "*** SCC Grand Prix: Titled Tuesday Blitz"]
[Site "Chess.com"]
[Date "2020.07.14"]
[Round "7"]
[White "S2PAc"]
[Black "Mr_Sinigami"]
[Result "1-0"]
[WhiteElo "2744"]
[BlackElo "2570"]
[TimeControl "180+1"]
[EndTime "11:21:56 PDT"]
[Termination "S2PAc won by checkmate"]

1. d4 Nf6 2. g3 g6 3. Bg2 Bg7 4. e4 d6 5. Nc3 O-O 6. Nge2 e5 7. O-O Re8 8. h3 Nc6 9. dxe5 dxe5 10. Bg5 Nd4 11.
Nxd4 exd4 12. Nd5 Be6 13. Re1 Bxd5 14. exd5 Rxe1+ 15. Qxe1 Qd7 16. Qb4 Nxd5 17. Qxb7 Nb6 18. Bf4 Re8 19. Bc6 Qc8 20. Qxc8 Rxc8 21. Re1 Kf8 22. Bb7 Rb8 23. Bxc7 Rxb7 24. Bd6+ Kg8 25. Re8+ Bf8 26. Rxf8+ Kg7 27. Rd8 Nc4 28. Bf8+ Kf6 29. b3 Nd2 30. Kg2 Nb1 31. Rxd4 Nc3 32. a4 Ke6 33.
Rc4 Nd5 34. Bh6 Rd7 35. Bg5 f6 36. Bd2 h5 37. Re4+ Kf5 38. Rd4 g5 39. Rd3 Ke6 40.
Kf1 Rc7 41. c4 Ne7 42. Be3 Nf5 43. g4 hxg4 44. hxg4 Nh6 45. f3 Nf7 46. Rd5 Ne5 47. Ke2 Rh7 48. Bf2 Rh2 49. Ra5 Rh3 50. Ra6+ Kf7 51. Rxa7+ Kg6 52. a5 Rxf3 53. Rb7 Rc3 54. a6 Rc2+ 55. Kf1 Nxg4 56. Bc5 Nh2+ 57. Ke1 Nf3+ 58.
Kd1 Ra2 59. a7 g4 60. Rb8 Kf5 61. a8=Q Rxa8 62. Rxa8 g3 63. Rg8 Ng5 64. b4 g2 65.
b5 Ne4 66. Bg1 Nc3+ 67. Kc2 Ne2 68. Rxg2 Nf4 69. Rf2 Ke4 70. Rxf4+ Kxf4 71. b6 Ke4 72. b7 f5 73. b8=Q Kf3 74. Qb7+ Kg4 75. Qg2+ Kf4 76. Qf2+ Ke4 77. Qd4+ Kf3 78. Kd2 f4 79. Qf2+ Ke4 80. Bh2 f3 81. Qe3+ Kf5 82. Qxf3+ Kg5 83. Qf4+ Kh5 84.
Ke3 Kg6 85. Ke4 Kh5 86. Qg3 Kh6 87. Kf5 Kh7 88. Qg6+ Kh8 89. Be5# 1-0

[Event "*** SCC Grand Prix: Titled Tuesday Blitz"]
[Site "Chess.com"]
[Date "2020.07.14"]
[Round "7"]
[White "RaunakSadhwani2005"]
[Black "TimofeevAr"]
[Result "1/2-1/2"]
[WhiteElo "2951"]
[BlackElo "2797"]
[TimeControl "180+1"]
[EndTime "11:21:57 PDT"]
[Termination "Game drawn - insufficient material"]

1. d4 d5 2. Nf3 Nf6 3. Bf4 e6 4. e3 b6 5. c3 Bb7 6. Bd3 Bd6 7. Ne5 Nbd7 8. Nd2 Ne4 9. Ndf3 O-O 10. O-O f6 11. Nxd7 Qxd7 12. Bxd6 Qxd6 13. a4 a5 14. Qc2 c5 15. Rfd1 Qe7 16. Qe2 Rac8 17. Bxe4 dxe4 18.
Nd2 cxd4 19. exd4 f5 20. Qb5 Qc7 21. Re1 Bc6 22. Qb3 Bd5 23. Qb5 Bc6 24. Qe2 e5 25.
Qc4+ Kh8 26. d5 Bxd5 27. Qxd5 Rfd8 28. Qe6 Rxd2 29. Qxf5 Rxb2 30. Rxe4 Qxc3 31. Rae1 Rc2 32. h4 Rc1 33. Rxc1 Qxc1+ 34. Kh2 Qc7 35. Rxe5 Re8 36. f4 Rd8 37. h5 h6 38. Qg6 Rf8 39. Qe4 Qd8 40.
g3 Qd6 41. Kh3 Qd7+ 42. Kg2 Qd6 43. Kf3 Qd1+ 44. Kf2 Qd2+ 45. Kf3 Qd1+ 46. Kg2 Qd2+ 47. Qe2 Qxe2+ 48. Rxe2 Rf5 49. Rb2 Rc5 50. Rxb6 Rc4 51. Ra6 Rxa4 52. Kf3 Ra1 53. Kg4 a4 54. Kf5 Kh7 55.
g4 a3 56. Ra7 Ra2 57. Ra8 Ra1 58. Ke6 Rg1 59. Kf5 Ra1 60. Ra7 Ra2 61. Ke6 Rg2 62.
f5 Rxg4 63. f6 a2 64. f7 Re4+ 65. Kd7 Rf4 66. Ke6 Re4+ 67. Kf5 Re1 68. Rxa2 Rf1+ 69. Ke6 Re1+ 70. Kd7 Rf1 71. Ke7 Re1+ 72. Kf8 g6 73.
Ra7 gxh5 74. Re7 Rf1 75. Ke8 Kg6 76. f8=Q Rxf8+ 77. Kxf8 h4 78. Re5 h5 79. Ke7 h3 80.
Ke6 h2 81. Re1 Kg5 82. Rh1 Kg4 83. Rxh2 h4 84. Ke5 Kg3 85. Ra2 h3 86. Ke4 h2 87. Ra1 Kg2 88. Ke3 h1=Q 89. Rxh1 Kxh1 1/2-1/2

[Event "*** SCC Grand Prix: Titled Tuesday Blitz"]
[Site "Chess.com"]
[Date "2020.07.14"]
[Round "7"]
[White "Monmoransy"]
[Black "NormWeinstein"]
[Result "1/2-1/2"]
[WhiteElo "2620"]
[BlackElo "2463"]
[TimeControl "180+1"]
[EndTime "11:21:57 PDT"]
[Termination "Game drawn - insufficient material"]

1. e4 c5 2. Nf3 d6 3. d4 Nf6 4. Bb5+ Bd7 5. Bxd7+ Qxd7 6. dxc5 Nxe4 7. cxd6 e6 8. Qe2 Nxd6 9. O-O Be7 10. c4 Qc7 11. b3 Nf5 12. Bb2 O-O 13. Nc3 a6 14. Rac1 Nd7 15. Ne4 Rad8 16. Rfd1 Nc5 17. g3 Nxe4 18.
Qxe4 Rxd1+ 19. Rxd1 Rd8 20. Rxd8+ Bxd8 21. Kg2 Be7 22.
a4 a5 23. Nd4 Nxd4 24. Bxd4 h6 25. h4 Bf8 26. h5 Bb4 27. g4 Bd6 28. Kf3 Bf8 29.
Ke2 Qd7 30. Bc3 b6 31. Be5 Bc5 32. f3 f5 33. Qd3 Qc8 34. gxf5 exf5 35. Qd5+ Kf8 36.
f4 Qe8 37. Kd3 Qxh5 38. Qd8+ Qe8 39. Bxg7+ Kf7 40. Qxe8+ Kxe8 41. Bxh6 Kd7 42. Bg7 Ke6 43. Bd4 Kd6 44. Be5+ Kc6 45. Ke2 Kd7 46. Kf3 Ke6 47.
Kg3 Kf7 48. Kh4 Kg6 49. Bc3 Be3 50. Kg3 Kf7 51. b4 axb4 52. Bxb4 Ke6 53. Kf3 Bg1 54. Bd2 Bc5 55. Be3 Kd6 56. Bd2 Kc6 57. Ke2 Bd6 58.
Kd3 Kc5 59. Be3+ Kc6 60. Kc3 Bc7 61. Kd3 Bd8 62. Bd2 Bf6 63. a5 bxa5 64. Bxa5 Be7 65. Bd2 Bd6 66. Be3 Bc7 67. Kc3 Bd6 68. Bd2 Bc7 69. Kd4 Bd6 70. Kd3 Bc7 71. Ke3 Bd6 72.
Kd3 Bc7 73. Bc3 Bd6 74. Be5 Be7 75. Kd4 Bc5+ 76. Kd3 Bb6 77. Ke2 Bc5 78. Kf3 Bb6 79.
Bf6 Kc5 80. Kg3 Kxc4 81. Kh4 Be3 82. Kg5 Bxf4+ 83. Kxf4 Kd5 84. Be5 Ke6 85. Bd4 Kf7 86. Bc3 Ke8 87. Bb2 Kd7 88. Kxf5 1/2-1/2

[Event "*** SCC Grand Prix: Titled Tuesday Blitz"]
[Site "Chess.com"]
[Date "2020.07.14"]
[Round "7"]
[White "WiktoriaPOL"]
[Black "vesalhamedinia"]
[Result "1-0"]
[WhiteElo "1924"]
[BlackElo "2191"]
[TimeControl "180+1"]
[EndTime "11:22:08 PDT"]
[Termination "WiktoriaPOL won by checkmate"]

1. c4 e6 2. Nc3 Nf6 3. e4 d5 4. e5 Nfd7 5. d4 c6 6. Nf3 Be7 7. cxd5 exd5 8. Bd3 O-O 9. h4 h6 10. g4 Re8 11. g5 h5 12. Nh2 g6 13. Nf1 Nf8 14. Ng3 Bg4 15. f3 Bd7 16. f4 Bg4 17.
Be2 Bxe2 18. Qxe2 Ne6 19. f5 Nxd4 20. Qf2 Bc5 21. Be3 Rxe5 22. Kd1 Rxe3 23. Qxe3 Nxf5 24. Qxc5 Nxg3 25. Rg1 Nf5 26. Qf2 Nd7 27. Kc2 Ne5 28. Rae1 Nc4 29. b3 Ncd6 30. Kb2 Qa5 31. Re2 Rd8 32.
Rge1 d4 33. Ne4 Nxe4 34. Rxe4 Qc3+ 35. Kb1 d3 36. Qb2 Qxb2+ 37. Kxb2 d2 38. Rd1 Rd3 39.
Re2 Nxh4 40. Rdxd2 Rxd2+ 41. Rxd2 Nf3 42. Rd8+ Kg7 43.
Rd7 Nxg5 44. Rxb7 h4 45. Rxa7 h3 46. Ra4 f5 47. Rh4 Kf6 48. a4 Ke5 49. a5 Kd5 50. a6 f4 51. Rxf4 h2 52. Rh4 Nf3 53. Rxh2 Nxh2 54.
a7 g5 55. a8=Q g4 56. Qg8+ Ke4 57. Qh7+ Kf3 58. Qxh2 g3 59. Qg1 g2 60. Kc2 Ke4 61. Kd2 c5 62. Qxg2+ Kd4 63. Qg4+ Kd5 64. Qg5+ Kc6 65.
Kd3 Kb5 66. Qd5 Kb4 67. Qc4+ Ka3 68. Qa4+ Kb2 69. b4 c4+ 70. Kxc4 Kc1 71. Kc3 Kb1 72. Qc2+ Ka1 73. Qc1+ Ka2 74. Qb2# 1-0

[Event "*** SCC Grand Prix: Titled Tuesday Blitz"]
[Site "Chess.com"]
[Date "2020.07.14"]
[Round "7"]
[White "OhanyanEminChess"]
[Black "Kotofeyca"]
[Result "1-0"]
[WhiteElo "2485"]
[BlackElo "2310"]
[TimeControl "180+1"]
[EndTime "11:22:14 PDT"]
[Termination "OhanyanEminChess won on time"]

1. e4 c5 2. Nf3 d6 3. d4 cxd4 4. Nxd4 Nf6 5. Nc3 a6 6. Bc4 e6 7. Bb3 Be7 8. f4 Qc7 9. f5 e5 10. Nde2 Nbd7 11. O-O b5 12. Nd5 Nxd5 13. Bxd5 Rb8 14.
Ng3 Nf6 15. Nh5 O-O 16. Nxf6+ Bxf6 17. Qg4 Qxc2 18. Bg5 Kh8 19. Bxf6 gxf6 20. Qh4 Rg8 21. Qxf6+ Rg7 22. Qd8+ Rg8 23. Qf6+ Rg7 24. Rf2 Qc7 25. Qh6 Bb7 26. f6 Rg6 27. Qh4 Bxd5 28. exd5 Qc5 29. Rd1 Rbg8 30. Kh1 Rg4 31. Qxg4 Rxg4 32. Rdf1 Qe3 33.
Rc2 h6 34. h3 Rg5 35. Rd1 Qe4 36. Rcd2 Rf5 37. Kg1 Rxf6 38. Kh2 Qf4+ 39. Kh1 Kg7 40. Re2 Qg5 41. Re4 Rf4 42. Re2 Qf5 43. Kh2 Rf2 44. Re3 Qf4+ 45. Rg3+ Kh7 46. h4 Qxh4+ 47.
Rh3 Qf4+ 48. Kg1 Rxb2 49. Kh1 Qg4 50. Rg1 Rxa2 51. Rf3 Qh4+ 52. Rh3 Qg4 53. Rf3 Rd2 54.
Rxf7+ Kg6 55. Rf3 Rxd5 56. Rgf1 Qh4+ 57. Rh3 Qg5 58. Kh2 Rd4 59. Kg1 Rg4 60. Rf2 Qc1+ 61. Kh2 Qg5 62. Kg1 Rg3 63. Rh2 Qe3 64. Rh4 Rg5 65. Rh2 Rf5 66. g3 Rxf2 67. Rxf2 Qxg3+ 68. Kh1 Qh3+ 69. Kg1 Qg4+ 70. Kh1 Qe4+ 71. Kh2 Qf4+ 72. Kh1 Qh4+ 73. Rh2 e4 74. Rxh4 Kf5 75. Kg2 d5 76.
Rxh6 d4 77. Rxa6 Kf4 78. Kf2 d3 79. Rb6 e3+ 80. Ke1 Kf3 81. Rxb5 Ke4 82. Rb4+ Kf3 83. Rb8 Ke4 84. Re8+ Kd4 85. Re7 1-0

[Event "*** SCC Grand Prix: Titled Tuesday Blitz"]
[Site "Chess.com"]
[Date "2020.07.14"]
[Round "7"]
[White "Canonkasparov"]
[Black "VovenRogel"]
[Result "1-0"]
[WhiteElo "2578"]
[BlackElo "2719"]
[TimeControl "180+1"]
[EndTime "11:22:31 PDT"]
[Termination "Canonkasparov won on time"]

1. d4 Nf6 2. Nf3 g6 3. Bg5 Bg7 4. Nbd2 d5 5. e3 O-O 6. h3 c5 7.
c3 b6 8. Be2 Bb7 9. O-O Nbd7 10. Bf4 Ne8 11. a4 Nd6 12. a5 c4 13. b3 b5 14.
bxc4 Nxc4 15. Nxc4 dxc4 16. a6 Bd5 17. Qb1 Bc6 18. Rc1 Re8 19. Bh2 e5 20. d5 Bxd5 21.
Qxb5 Be6 22. Rd1 Rb8 23. Qa4 Qc7 24. Nd4 Bd5 25. Nb5 Qc6 26. Nxa7 Qa8 27. Rxd5 Nb6 28. Qc6 Nxd5 29. Bf3 e4 30. Bxb8 Qxb8 31. Qxd5 exf3 32.
Nc6 Qb2 33. Rd1 Qxc3 34. Qd7 Rf8 35. a7 Qa3 36. Qb7 c3 37. Rd8 c2 38. Rxf8+ Bxf8 39. a8=Q c1=Q+ 40. Kh2 Qd6+ 41. g3 Qf1 42. Ne7+ Qxe7 43. Qxf3 Qc1 44. Qad5 Qcc7 45. h4 Qcd6 46. Qc4 Qdf6 47. Qfe2 Qee6 48. Qcd3 h5 49. Kg2 Qef5 50. Qc4 Q6e6 51. Qxe6 Qxe6 52. Qf3 Qe5 53.
Qa8 Qg7 54. Qb7 Qf6 55. Qa8 Qe6 56. Qb7 Kg7 57. Qa8 Qf6 58. Qe4 Qe6 59. Qb7 Be7 60.
Qb2+ Bf6 61. Qb7 Qe5 62. Kh1 Qb2 63. Qf3 Bc3 64. Kg2 Qd2 65. Qe4 Qd6 66. Qf3 Bf6 67. Qe4 Qe6 68. Qf3 Kf8 69. Qa8+ Ke7 70. Qb7+ Qd7 71. Qe4+ Kd8 72. Qa8+ Ke7 73. Qf3 Kf8 74. Qxf6 Qd5+ 75. Kg1 Kg8 76. Qd4 Qf3 77. Qf4 Qd1+ 78. Kg2 Qd5+ 79. Qf3 Qa2 80. e4 Kg7 81. Qd3 Kg8 82.
Qd4 Qe6 83. Qe3 Qf6 84. Qf4 Qe6 85. Qe3 Kh7 86. Qc5 Kg8 87. Qd5 Qe7 88. Kf3 Kg7 89. Kf4 Kg8 90. Qd4 Qd7 91. Qxd7 1-0

[Event "*** SCC Grand Prix: Titled Tuesday Blitz"]
[Site "Chess.com"]
[Date "2020.07.14"]
[Round "7"]
[White "Nf3c5"]
[Black "okriak"]
[Result "1/2-1/2"]
[WhiteElo "2532"]
[BlackElo "2695"]
[TimeControl "180+1"]
[EndTime "11:22:59 PDT"]
[Termination "Game drawn by repetition"]

1. e4 e5 2. Bc4 Nc6 3. d3 Nf6 4.
Nc3 Na5 5. Qf3 Nxc4 6. dxc4 d6 7. Nge2 Be6 8. b3 c6 9. O-O Be7 10. h3 O-O 11. Rd1 Qc7 12. Ng3 Rad8 13. Bg5 Rfe8 14. Nf5 Bxf5 15. Qxf5 Nd7 16. Be3 Nc5 17. Bxc5 dxc5 18.
Qf3 g6 19. a4 b6 20. Ne2 Bg5 21. g3 h5 22. h4 Bh6 23. Kg2 Kg7 24. a5 bxa5 25.
Qc3 Rxd1 26. Rxd1 a4 27. bxa4 Kf8 28. Ng1 Bg7 29. Nf3 Bf6 30. Qe3 Be7 31. Rd3 Kg7 32. Qd2 Rd8 33. Qc3 Bf6 34. Qd2 Be7 35. Qe3 Rxd3 36.
Qxd3 Kf6 37. Qc3 Ke6 38. Ne1 Qd8 39. Nd3 Qd4 40. Qxd4 cxd4 41. Kf1 f5 42. f3 g5 43. hxg5 Bxg5 44. Kg2 fxe4 45. fxe4 Kd6 46. Kf3 a5 47. Kg2 Be7 48. Kh3 Ke6 49. Ne1 Bb4 50. Nf3 Be7 51. Nd2 Bb4 52. Nb3 Kf6 53. Kh4 Kg6 54. Kh3 Kg5 55.
Nc1 Be7 56. Nd3 Kf6 57. Kh4 Kg6+ 58. Kh3 Kf6 59. g4 hxg4+ 60. Kxg4 Ba3 61. Kh5 Bf8 62. Nf2 Ke6 63. Kg5 Be7+ 64. Kg6 Kd6 65. Nd3 Bh4 66. Kf5 Bg3 67. c5+ Kc7 68. Nxe5 Bf2 69. Nd3 Bg3 70.
Ke6 Bh2 71. e5 Bg3 72. Kf7 Bh4 73. e6 Kd8 74. Nf4 Be7 75. Ng6 Bxc5 76. e7+ Bxe7 77. Nxe7 Kd7 78. Kf6 Kd6 79. Nf5+ Kd5 80. Ne7+ Kc5 81.
Ke6 Kb4 82. Nxc6+ Kc3 83. Nxa5 Kxc2 84. Nc4 Kb3 85. a5 Kxc4 86. a6 d3 87. a7 d2 88.
a8=Q d1=Q 89. Qc6+ Kb3 90. Qb5+ Kc2 91. Qc4+ Kd2 92. Qf4+ Ke1 93. Qg3+ Ke2 94. Qg4+ Ke1 95. Qg3+ Ke2 96. Qg2+ Ke1 97. Qg1+ Ke2 98. Qg4+ Ke1 99. Qg3+ 1/2-1/2

[Event "*** SCC Grand Prix: Titled Tuesday Blitz"]
[Site "Chess.com"]
[Date "2020.07.14"]
[Round "8"]
[White "FatUpss"]
[Black "Diego_FloresQ"]
[Result "1-0"]
[WhiteElo "2748"]
[BlackElo "2497"]
[TimeControl "180+1"]
[EndTime "11:32:00 PDT"]
[Termination "FatUpss won by resignation"]

1. e4 c5 2. Nc3 Nc6 3. Bb5 Nd4 4. Nf3 a6 5. Bd3 Nc6 6. O-O g6 7. e5 Bg7 8. Re1 Nh6 9. h3 Nf5 10. Bxf5 gxf5 11. d4 cxd4 12. Nxd4 e6 13. Nxc6 dxc6 14. Qxd8+ Kxd8 15. Bg5+ Kc7 16. Rad1 Bd7 17. Na4 Bf8 18. Rxd7+ Kxd7 19. Nb6+ 1-0

[Event "*** SCC Grand Prix: Titled Tuesday Blitz"]
[Site "Chess.com"]
[Date "2020.07.14"]
[Round "8"]
[White "DishonorOnYourCow"]
[Black "Klaus1995"]
[Result "1-0"]
[WhiteElo "2321"]
[BlackElo "1892"]
[TimeControl "180+1"]
[EndTime "11:32:04 PDT"]
[Termination "DishonorOnYourCow won by resignation"]

1. d4 Nf6 2. c4 e6 3. Nf3 c5 4.
d5 exd5 5. cxd5 d6 6. Nc3 g6 7.
Nd2 a6 8. a4 Bg7 9. e4 O-O 10.
Be2 Re8 11. O-O a5 12. f3 Na6 13. Nc4 Nh5 14. Nb5 Bf8 15. f4 Rxe4 16. Nd2 Rd4 17.
Nxd4 cxd4 1-0

[Event "*** SCC Grand Prix: Titled Tuesday Blitz"]
[Site "Chess.com"]
[Date "2020.07.14"]
[Round "8"]
[White "Carnivoras"]
[Black "mishikomchedlishvili"]
[Result "0-1"]
[WhiteElo "2609"]
[BlackElo "2775"]
[TimeControl "180+1"]
[EndTime "11:32:06 PDT"]
[Termination "mishikomchedlishvili won by resignation"]

1. d4 d5 2. Nf3 Nf6 3. Bg5 Ne4 4. Bh4 c6 5. Nbd2 Bf5 6. e3 Nd7 7. Bd3 g6 8. O-O Bg7 9. Qe2 O-O 10. Ng5 Nxd2 11. Qxd2 Bxd3 12. cxd3 e5 13. dxe5 Nxe5 14. Rfe1 h6 15. f4 hxg5 16. Bxg5 f6 17. fxe5 fxg5 18.
d4 Qd7 19. Qb4 g4 20. Rac1 Bh6 21. Rc3 Rf5 22. Rb3 Raf8 23. Qd2 Qf7 0-1

[Event "*** SCC Grand Prix: Titled Tuesday Blitz"]
[Site "Chess.com"]
[Date "2020.07.14"]
[Round "8"]
[White "sertalzin"]
[Black "Akmal_Fayzullaev"]
[Result "1-0"]
[WhiteElo "1951"]
[BlackElo "2221"]
[TimeControl "180+1"]
[EndTime "11:32:12 PDT"]
[Termination "sertalzin won by resignation"]

1. d4 Nf6 2. c4 g6 3. Nc3 Bg7 4.
e4 d6 5. f4 O-O 6. Nf3 c5 7. d5 e6 8. Be2 exd5 9. cxd5 Bg4 10. O-O Re8 11. h3 Bxf3 12. Bxf3 Nbd7 13. g4 b5 14. g5 Nh5 15. Nxb5 Ng3 16. Re1 Qb6 17. Nc3 h5 18. h4 Qb4 19. Kg2 Bxc3 20. bxc3 Qxc3 21.
Bd2 Qb2 22. Kxg3 Nb6 23. Qc1 Qb5 24. Bc3 Na4 25. Bf6 1-0

[Event "*** SCC Grand Prix: Titled Tuesday Blitz"]
[Site "Chess.com"]
[Date "2020.07.14"]
[Round "8"]
[White "wonderfultime"]
[Black "jsl796"]
[Result "1-0"]
[WhiteElo "2971"]
[BlackElo "2852"]
[TimeControl "180+1"]
[EndTime "11:32:24 PDT"]
[Termination "wonderfultime won by resignation"]

1. d4 Nf6 2. Nf3 d5 3. Bf4 c5 4.
c3 Nc6 5. e3 Nh5 6. Bg3 e6 7.
Nbd2 Nxg3 8. hxg3 g6 9. Bd3 Bd7 10. O-O Rc8 11. Qe2 cxd4 12. exd4 Bg7 13. Rfe1 O-O 14. Nf1 f6 15. Bc2 Qb6 16. Rab1 Rce8 17. Ne3 Kh8 18. Qd2 Qd8 19. c4 dxc4 20. Nxc4 Qc7 21. Bb3 Nb4 22. Qxb4 1-0

[Event "*** SCC Grand Prix: Titled Tuesday Blitz"]
[Site "Chess.com"]
[Date "2020.07.14"]
[Round "8"]
[White "MVM2008"]
[Black "AurumO"]
[Result "1/2-1/2"]
[WhiteElo "2220"]
[BlackElo "1994"]
[TimeControl "180+1"]
[EndTime "11:32:25 PDT"]
[Termination "Game drawn by repetition"]

1. e4 c5 2. Nf3 Nc6 3. d4 cxd4 4. c3 d5 5. exd5 Qxd5 6. cxd4 e5 7. Nc3 Bb4 8. Bd2 Bxc3 9. Bxc3 e4 10. Ne5 Nxe5 11. dxe5 Ne7 12. Qxd5 Nxd5 13. Bb5+ Bd7 14. Bxd7+ Kxd7 15. O-O Nxc3 16. bxc3 Rhc8 17. Rad1+ Ke6 18. f4 exf3 19. Rxf3 Rc7 20. Rd6+ Kxe5 21. Rfd3 Rac8 22. R3d5+ Ke4 23. Rd4+ Ke5 24. R4d5+ Ke4 25. Rd4+ Ke5 26.
R4d5+ 1/2-1/2

[Event "*** SCC Grand Prix: Titled Tuesday Blitz"]
[Site "Chess.com"]
[Date "2020.07.14"]
[Round "8"]
[White "MIJUAREZ"]
[Black "queen_iryna"]
[Result "1-0"]
[WhiteElo "2391"]
[BlackElo "2252"]
[TimeControl "180+1"]
[EndTime "11:32:37 PDT"]
[Termination "MIJUAREZ won by resignation"]

1. e4 d6 2. d4 Nf6 3. Nc3 e5 4. f3 Nbd7 5. Nge2 Be7 6. Be3 c6 7. Qd2 O-O 8. O-O-O d5 9. exd5 exd4 10. Nxd4 cxd5 11.
Nf5 Bb4 12. Bd4 Nb6 13. Nxg7 Nh5 14. Nxh5 1-0

[Event "*** SCC Grand Prix: Titled Tuesday Blitz"]
[Site "Chess.com"]
[Date "2020.07.14"]
[Round "8"]
[White "ferdipy"]
[Black "Brave_spirit12"]
[Result "0-1"]
[WhiteElo "2343"]
[BlackElo "2501"]
[TimeControl "180+1"]
[EndTime "11:32:43 PDT"]
[Termination "Brave_spirit12 won by resignation"]

1. e4 e6 2. d4 d5 3. e5 c5 4. c3 Nc6 5. Nf3 Qb6 6. a3 f6 7. exf6 Nxf6 8. Bd3 Bd6 9. O-O c4 10. Bc2 O-O 11. Bg5 Qxb2 12. Re1 Qxa1 13. Ne5 Qb2 14. Bc1 Qb6 15. f4 Bxe5 16. fxe5 Ne4 17. a4 Bd7 18.
Qg4 Nxe5 19. Qh3 Nd3 20. Bxd3 cxd3 21. Qxd3 Rf7 22. Nd2 Raf8 23. Nf3 Bxa4 24. c4 Qb3 25. Qe2 Rxf3 26. gxf3 Qxf3 0-1

[Event "*** SCC Grand Prix: Titled Tuesday Blitz"]
[Site "Chess.com"]
[Date "2020.07.14"]
[Round "8"]
[White "hongnhung1234"]
[Black "KetiGrant"]
[Result "1-0"]
[WhiteElo "2265"]
[BlackElo "2380"]
[TimeControl "180+1"]
[EndTime "11:33:03 PDT"]
[Termination "hongnhung1234 won by resignation"]

1. e4 c5 2. Nc3 Nc6 3. Bb5 Nd4 4. Bc4 e6 5. Nf3 Nf6 6. O-O d5 7. exd5 exd5 8. Nxd5 Nxd5 9. Nxd4 cxd4 10. Qh5 Be6 11. Re1 Nf4 12. Bb5+ Ke7 13. Qg5+ f6 14. Qxf4 Kf7 15. d3 Qa5 16. Rxe6 Kxe6 17. Qe4+ Kf7 18. Bc4+ 1-0